 Dungeon Crawl Stone Soup version 0.29.1-12-g30fa7ad0bf (webtiles) character file.

Game seed: 6567741987269684447

737 mopl the Ducker (level 7, -1/60 HPs)
             Began as a Gnoll Monk on Dec 31, 2022.
             Was an Elder of Wu Jian.
             Slain by Pikel
             ... wielding a +0 whip of electrocution
              (17 damage)
             ... on level 5 of the Dungeon.
             The game lasted 00:06:36 (5297 turns).

mopl the Ducker (Gnoll Monk)                        Turns: 5297, Time: 00:06:36

Health: -1/60      AC: 11    Str: 13    XL:     7   Next: 75%
Magic:  11/11      EV:  8    Int: 12    God:    Wu Jian [****..]
Gold:   155        SH:  0    Dex: 14    Spells: 11/11 levels left

rFire   . . .      SeeInvis .   y - +3 war axe (elec)
rCold   . . .      Faith    .   (no shield)
rNeg    . . .      Spirit   .   o - +0 chain mail
rPois   .          Reflect  .   z - +1 helmet {Int+3}
rElec   .          Harm     .   (no cloak)
rCorr   +          Rampage  .   (no gloves)
Will    .....                   (no boots)
Stlth   ..........              (no amulet)
HPRegen 0.20/turn               g - ring of resist corrosion
MPRegen 0.12/turn               (no ring)

@: no status effects
A: fangs 1, strong nose, distributed training
a: Renounce Religion, Wall Jump, Serpent's Lash


You were on level 5 of the Dungeon.
You worshipped Wu Jian.
Wu Jian was greatly pleased with you.
You visited 1 branch of the dungeon, and saw 5 of its levels.

You collected 155 gold pieces.

Inventory:

Hand Weapons
 a - a +0 flail
 j - a +0 great sword
 y - a +3 war axe of electrocution (weapon)
Missiles
 d - 11 poisoned darts (quivered)
 s - 4 boomerangs
Armour
 o - a +0 chain mail (worn)
 z - a +1 helmet of intelligence (worn)
Jewellery
 g - a ring of resist corrosion (left hand)
 w - a ring of fire
Wands
 l - a wand of digging (7)
Scrolls
 e - a scroll of enchant weapon {unknown}
 i - a scroll of poison {unknown}
 k - a scroll of blinking {unknown}
 q - 5 scrolls of teleportation
 t - 2 scrolls of fear {unknown}
 v - 2 scrolls of immolation {unknown}
 x - a scroll of torment {unknown}
Potions
 b - a potion of resistance
 c - a potion of ambrosia
 f - 2 potions of haste {unknown}
 h - 3 potions of curing
 m - a potion of magic
 n - 6 potions of mutation {unknown}
 p - a potion of heal wounds {unknown}
 r - 2 potions of invisibility
 u - a potion of flight


   Skills:
 + Level 7.1 Fighting
 + Level 2.8 Short Blades
 + Level 2.8 Long Blades
 + Level 2.8 Axes
 + Level 7.1 Maces & Flails
 + Level 2.8 Polearms
 + Level 2.8 Staves
 + Level 2.8 Ranged Weapons
 + Level 2.8 Throwing
 + Level 2.8 Armour
 + Level 7.1 Dodging
 + Level 5.1 Stealth
 + Level 2.8 Shields
 + Level 2.8 Unarmed Combat
 + Level 2.8 Spellcasting
 + Level 2.2 Conjurations
 + Level 2.2 Hexes
 + Level 2.2 Summonings
 + Level 2.2 Necromancy
 + Level 2.2 Translocations
 + Level 2.2 Transmutations
 + Level 2.2 Fire Magic
 + Level 2.2 Ice Magic
 + Level 2.2 Air Magic
 + Level 2.2 Earth Magic
 + Level 2.2 Poison Magic
 + Level 3.1 Invocations
 + Level 2.8 Evocations


You had 11 spell levels left.
You didn't know any spells.
Your spell library contained the following spells:

 Spells                   Type           Power      Damage    Failure   Level
 Ensorcelled Hibernation  Hex/Ice        14%        N/A       99%         2
 Poisonous Vapours        Pois/Air       14%        N/A       99%         2
 Ignite Poison            Fire/Tmut/Pois 7%         N/A       100%        3
 Mephitic Cloud           Conj/Pois/Air  7%         N/A       100%        3
 Corpse Rot               Necr/Pois/Air  7%         N/A       100%        4
 Flame Wave               Conj/Fire      7%         2d5       100%        4
 Leda's Liquefaction      Hex/Erth       3%         N/A       100%        4
 Freezing Cloud           Conj/Ice/Air   3%         6-21      100%        5
 Iskenderun's Battlesphe  Conj           7%         2d6       100%        5
 Lee's Rapid Deconstruct  Erth           3%         3d6*      100%        5
 Metabolic Englaciation   Hex/Ice        3%         N/A       100%        5
 Statue Form              Tmut/Erth      4%         N/A       100%        6


Dungeon Overview and Level Annotations

Branches:
Dungeon (5/15)
 Temple: D:4-7

Altars:
Ashenzari
Wu Jian

Annotations:
D:5 Pikel


Innate Abilities, Weirdness & Mutations

You have very sharp teeth.
Your uncanny sense of smell can sniff out nearby items.
Your experience applies equally to all skills.


Message History

Pikel hits you with a +0 whip of electrocution!
You closely miss Pikel.
Pikel is lightly wounded.
Pikel misses you.
You hit Pikel.
Pikel is lightly wounded.
Pikel hits you with a +0 whip of electrocution.
Pikel hits you but does no damage.
You hit Pikel. Your bite misses Pikel.
Pikel is moderately wounded.
Pikel hits you with a +0 whip of electrocution!
You are electrocuted!
You are too injured to fight recklessly!
You are too injured to fight recklessly!
You barely miss Pikel.
Pikel is moderately wounded.
Pikel hits you with a +0 whip of electrocution.
You are electrocuted!
* * * LOW HITPOINT WARNING * * *
Press: ? - help, v - describe, . - travel
Here: Pikel, wielding a +0 whip of electrocution and wearing a +2 robe of resistance (moderately wounded)
An open door, spattered with blood.
Unknown command.
Unknown command.
It was a potion of curing.
You feel better.
Pikel hits you with a +0 whip of electrocution.
* * * LOW HITPOINT WARNING * * *
Throw: 13 darts (poison)
Press: ? - help, Q - select action, (/) - cycle Shift-Dir - straight line, f - Pikel
Aim: Pikel, wielding a +0 whip of electrocution and wearing a +2 robe of resistance (moderately wounded, 56% to hit)
You throw a poisoned dart. The poisoned dart hits Pikel.
Pikel is moderately wounded.
Pikel closely misses you.
Throw: 12 darts (poison)
Press: ? - help, Q - select action, (/) - cycle Shift-Dir - straight line, f/p - Pikel
Aim: Pikel, wielding a +0 whip of electrocution and wearing a +2 robe of resistance (moderately wounded, 56% to hit)
You throw a poisoned dart. The poisoned dart hits Pikel.
Pikel is poisoned.
Pikel is moderately wounded.
Pikel hits you but does no damage.
You are electrocuted!
You die...

#..#..#+###'#..#
#..#..#.....#..#
#..'..'.._..+..+.
#..#..#.....#..#.## ######
#..#..#'###'#..#... ......
#.##..#.....#..#...#########
#..+##'##'##'##'.#....))....
####.....#.....# ########...
#..††.#.@...#### #####.##
###'##'##K###..###.....##
#..#.##5.........######
##...####.>.....#####..
#..............5##...#
#######.##...............###
##...........########.##.####
##........<...............55..
#..............##########.####


You could see Pikel (poisoned) and a lemure.

Vanquished Creatures
  Sigmund (D:5)
  An ice beast (D:5)
  3 lemures (D:5)
  A phantom (D:4)
  A jelly (D:5)
  2 iguanas
  An orc priest (D:3)
  Ijyb (D:5)
  2 orc wizards
  3 gnolls
  7 adders
  3 worms
  A dart slug (D:1)
  17 orcs
  11 endoplasms
  5 giant cockroaches
  6 goblins
  10 hobgoblins
  12 jackals
  6 kobolds
  4 quokkas
  8 ball pythons
  A bat (D:1)
  A frilled lizard (D:1)
  7 rats
115 creatures vanquished.

Notes
Turn   | Place    | Note
-------+----------+-------------------------------------------
     0 | D:1      | mopl the Gnoll Monk began the quest for the Orb.
     0 | D:1      | Reached XP level 1. HP: 23/23 MP: 1/1
    62 | D:1      | Found a faded altar of an unknown god.
    68 | D:1      | Prayed at the altar of an unknown god.
    68 | D:1      | Became a worshipper of the Wu Jian Council
    68 | D:1      | Reached * piety under Wu Jian
    68 | D:1      | Reached ** piety under Wu Jian
    97 | D:1      | Reached XP level 2. HP: 26/29 MP: 2/2
   181 | D:1      | Reached *** piety under Wu Jian
   361 | D:1      | Reached XP level 3. HP: 30/35 MP: 3/3
   691 | D:1      | Reached skill level 1 in Invocations
   743 | D:2      | Reached skill level 1 in Short Blades
   743 | D:2      | Reached skill level 1 in Long Blades
   743 | D:2      | Reached skill level 1 in Axes
   743 | D:2      | Reached skill level 1 in Polearms
   743 | D:2      | Reached skill level 1 in Staves
   743 | D:2      | Reached skill level 1 in Ranged Weapons
   743 | D:2      | Reached skill level 1 in Throwing
   743 | D:2      | Reached skill level 1 in Armour
   743 | D:2      | Reached skill level 1 in Shields
   743 | D:2      | Reached skill level 1 in Unarmed Combat
   743 | D:2      | Reached skill level 1 in Spellcasting
   743 | D:2      | Reached skill level 1 in Evocations
   813 | D:2      | Reached XP level 4. HP: 31/41 MP: 5/5
   971 | D:2      | Reached skill level 1 in Conjurations
   971 | D:2      | Reached skill level 1 in Hexes
   971 | D:2      | Reached skill level 1 in Summonings
   971 | D:2      | Reached skill level 1 in Necromancy
   971 | D:2      | Reached skill level 1 in Translocations
   971 | D:2      | Reached skill level 1 in Transmutations
   971 | D:2      | Reached skill level 1 in Fire Magic
   971 | D:2      | Reached skill level 1 in Ice Magic
   971 | D:2      | Reached skill level 1 in Air Magic
   971 | D:2      | Reached skill level 1 in Earth Magic
   971 | D:2      | Reached skill level 1 in Poison Magic
  1435 | D:3      | Reached XP level 5. HP: 25/47 MP: 5/7
  1445 | D:3      | Reached **** piety under Wu Jian
  2639 | D:4      | Noticed a phantom
  2666 | D:4      | Killed a phantom
  2667 | D:4      | Reached skill level 2 in Invocations
  2667 | D:4      | Reached XP level 6. HP: 35/53 MP: 8/8
  2783 | D:3      | Reached skill level 2 in Short Blades
  2783 | D:3      | Reached skill level 2 in Long Blades
  2783 | D:3      | Reached skill level 2 in Axes
  2783 | D:3      | Reached skill level 2 in Polearms
  2783 | D:3      | Reached skill level 2 in Staves
  2783 | D:3      | Reached skill level 2 in Ranged Weapons
  2783 | D:3      | Reached skill level 2 in Throwing
  2783 | D:3      | Reached skill level 2 in Armour
  2783 | D:3      | Reached skill level 2 in Shields
  2783 | D:3      | Reached skill level 2 in Unarmed Combat
  2783 | D:3      | Reached skill level 2 in Spellcasting
  2783 | D:3      | Reached skill level 2 in Evocations
  3686 | D:4      | Got the Codex of Attacks and Graupel
  4361 | D:5      | Entered Level 5 of the Dungeon
  4361 | D:5      | Noticed Sigmund
  4381 | D:5      | Killed Sigmund
  4382 | D:5      | Reached skill level 7 in Fighting
  4382 | D:5      | Reached skill level 7 in Maces & Flails
  4382 | D:5      | Reached skill level 7 in Dodging
  4382 | D:5      | Reached skill level 2 in Conjurations
  4382 | D:5      | Reached skill level 2 in Hexes
  4382 | D:5      | Reached skill level 2 in Summonings
  4382 | D:5      | Reached skill level 2 in Necromancy
  4382 | D:5      | Reached skill level 2 in Translocations
  4382 | D:5      | Reached skill level 2 in Transmutations
  4382 | D:5      | Reached skill level 2 in Fire Magic
  4382 | D:5      | Reached skill level 2 in Ice Magic
  4382 | D:5      | Reached skill level 2 in Air Magic
  4382 | D:5      | Reached skill level 2 in Earth Magic
  4382 | D:5      | Reached skill level 2 in Poison Magic
  4382 | D:5      | Reached XP level 7. HP: 32/60 MP: 10/10
  4851 | D:5      | Noticed Pikel
  5139 | D:5      | Reached skill level 5 in Stealth
  5139 | D:5      | Reached skill level 3 in Invocations
  5140 | D:5      | Noticed Ijyb
  5144 | D:5      | Killed Ijyb
  5234 | D:5      | Found a broken altar of Ashenzari.
  5297 | D:5      | Slain by Pikel

Illustrated notes

Levels and vault maps discovered:
D:1:      heliophobic_arrival_battle_scene, layout_loops_ring,
          dreamdust_ecumenical_altar_angels_and_demons, nrook_mini_vaults
D:2:      layout_rooms
D:3:      layout_loops_corners, minmay_misc_feat_room
D:4:      layout_basic, minmay_misc_feat_square
D:5:      layout_rooms, mainiacjoe_overflow_24_doors, hangedman_glass_teeth,
          uniq_sigmund, uniq_ijyb, uniq_pikel

Skill      XL: |  1  2  3  4  5  6  7 |
---------------+----------------------+-----
Invocations    | 1 2 3 |  3.1
Short Blades   | 1 2 |  2.8
Long Blades    | 1 2 |  2.8
Axes           | 1 2 |  2.8
Polearms       | 1 2 |  2.8
Staves         | 1 2 |  2.8
Ranged Weapons | 1 2 |  2.8
Throwing       | 1 2 |  2.8
Armour         | 1 2 |  2.8
Shields        | 1 2 |  2.8
Unarmed Combat | 1 2 |  2.8
Spellcasting   | 1 2 |  2.8
Evocations     | 1 2 |  2.8
Conjurations   | 1 2 |  2.2
Hexes          | 1 2 |  2.2
Summonings     | 1 2 |  2.2
Necromancy     | 1 2 |  2.2
Translocations | 1 2 |  2.2
Transmutations | 1 2 |  2.2
Fire Magic     | 1 2 |  2.2
Ice Magic      | 1 2 |  2.2
Air Magic      | 1 2 |  2.2
Earth Magic    | 1 2 |  2.2
Poison Magic   | 1 2 |  2.2
Fighting       | 7 |  7.1
Maces & Flails | 7 |  7.1
Dodging        | 7 |  7.1
Stealth        | 5 |  5.1

Action                   |  1- 3 |  4- 6 |  7- 9 || total
-------------------------+-------+-------+-------++-------
Melee: Mace              |    72 |   176 |       ||   248
       Bite              |     9 |    21 |     4 ||    34
       Great sword       |    25 |       |       ||    25
       Punch             |     1 |     3 |     1 ||     5
       Flail             |       |    66 |    30 ||    96
       War axe           |       |       |    41 ||    41
Throw: Dart              |       |    16 |     2 ||    18
Invok: Lunge             |     9 |    13 |     7 ||    29
  Use: Scroll            |       |     5 |     1 ||     6
       Potion            |       |       |     1 ||     1
 Stab: Sleeping          |    10 |     5 |       ||    15
       Distracted        |       |     1 |       ||     1
Armor: Robe              |    11 |       |       ||    11
       Ring mail         |    21 |    41 |       ||    62
       Chain mail        |       |    52 |    32 ||    84
Dodge: Dodged            |    74 |   116 |    24 ||   214
